 Dungeon Crawl Stone Soup version 0.31-a0-369-g8eba5f6939 (webtiles) character file.

Game seed: 9399239668298171986

20295 LeprechaunX the Mimic (level 12, 0/75 HPs)
             Began as an Octopode Shapeshifter on July 28, 2023.
             Was a High Priest of Hepliaklqana.
             Slain by a cane toad (21 damage)
             ... on level 2 of the Lair of Beasts.
             The game lasted 00:32:19 (11921 turns).

LeprechaunX the Mimic (Octopode Shapeshifter)      Turns: 11921, Time: 00:32:20

Health: 0/75       AC:  1    Str: 16    XL:     12   Next: 78%
Magic:  19/19      EV: 14    Int: 10    God:    Hepliaklqana [*****.]
Gold:   894        SH:  0    Dex: 22    Spells: 19/21 levels left

rFire   . .          .
                       - Unarmed
rCold   + . .        (shield currently unavailable)
rNeg    . . .        (helmet restricted)
rPois   .            j - amulet of Vitality {RegenMP++ Regen++}
rElec   .            w - ring of protection from cold
rCorr   .            H - +6 ring of dexterity
SInv    .            (no ring)
Will    .....        (no ring)
Stlth   +++          (no ring)
HPRegen 1.92/turn    (no ring)
MPRegen 0.96/turn    (no ring)
                     (no ring)

%: no passive effects
@: lethally poisoned (0 -> -3), blade tentacles
A: reduced essence, almost no armour, amphibious, 8 rings, camouflage 1,
gelatinous body 1, (nimble swimmer 1), tentacles
a: Begin Untransformation, Renounce Religion, Recall Ancestor, Ancestor
Identity, Transference, Idealise


You were on level 2 of the Lair of Beasts.
You worshipped Hepliaklqana.
Hepliaklqana was extremely pleased with you.
You had blades for main tentacles.
You visited 3 branches of the dungeon, and saw 15 of its levels.
You also visited: Bailey.

You collected 894 gold pieces.

Inventory:

Missiles
 o - 3 atropa-tipped darts
 p - 3 datura-tipped darts
 L - 2 throwing nets
Armour
 E - the +0 buckler "Aluer" {Rampage Drain rElec rCorr}
   (You acquired it on level 11 of the Dungeon)

   rElec:     It insulates you from electricity.
   rCorr:     It protects you from acid and corrosion.
   Drain:     It drains your maximum health when unequipped.
   Rampage:   It bestows one free step when moving towards enemies.
Jewellery
 j - the amulet of Vitality (around mantle) {RegenMP++ Regen++}
   (You found it on level 2 of the Dungeon)

   [amulet of magic regeneration]

   It increases your rate of magic regeneration.
   Regen:     It increases your rate of health regeneration.
 w - a ring of protection from cold (left blade tentacle)
 H - a +6 ring of dexterity (right blade tentacle)
Talismans
 b - a beast talisman
 m - a blade talisman
 C - a serpent talisman
Wands
 t - a wand of roots (12)
 x - a wand of charming (33)
 y - a wand of digging (10)
 B - a wand of quicksilver (16)
 M - a wand of mindburst (8)
Scrolls
 a - a scroll of blinking {unknown}
 c - 3 scrolls of immolation
 g - 4 scrolls of noise
 i - 3 scrolls of poison
 k - a scroll of enchant armour {unknown}
 l - 4 scrolls of vulnerability
 r - 4 scrolls of amnesia {unknown}
 u - 3 scrolls of fear
 v - 2 scrolls of fog {unknown}
 z - 11 scrolls of teleportation
 D - a scroll of brand weapon {unknown}
 F - 4 scrolls of revelation {unknown}
 K - a scroll of enchant weapon {unknown}
Potions
 d - 4 potions of curing
 e - 2 potions of attraction {unknown}
 f - a potion of ambrosia
 n - a potion of brilliance {unknown}
 q - 4 potions of heal wounds
 s - 3 potions of berserk rage
 A - a potion of lignification
 G - a potion of enlightenment {unknown}
 I - 2 potions of might {unknown}
 J - a potion of cancellation {unknown}
Miscellaneous
 N - a phantom mirror (quivered)


   Skills:
 + Level 8.8 Fighting
 - Level 2.0 Dodging
 + Level 9.8 Unarmed Combat
 - Level 5.0 Spellcasting
 - Level 5.0 Transmutations
 + Level 8.3 Invocations
 + Level 11.2 Shapeshifting


You had 19 spell levels left.
You knew the following spells:

 Your Spells              Type           Power      Damage    Failure   Level
a - Wereblood             Tmut           12%        N/A       30%         2

Your spell library contained the following spells:

 Spells                   Type           Power      Damage    Failure   Level
 Summon Small Mammal      Summ           8%         N/A       65%         1
 Lesser Beckoning         Tloc           4%         N/A       77%         2
 Sublimation of Blood     Necr           2%         N/A       77%         2
 Call Canine Familiar     Summ           2%         N/A       90%         3
 Frozen Ramparts          Ice            4%         1d1       90%         3
 Gell's Gravitas          Tloc           2%         N/A       90%         3
 Summon Guardian Golem    Hex/Summ       2%         N/A       90%         3
 Teleport Other           Tloc           2%         N/A       90%         3
 Tukima's Dance           Hex            2%         N/A       90%         3
 Petrify                  Tmut/Erth      7%         N/A       93%         4
 Passage of Golubria      Tloc           2%         N/A       99%         4
 Yara's Violent Unravell  Hex/Tmut       3%         3d4       99%         5
 Metabolic Englaciation   Hex/Ice        1%         N/A       100%        5
 Orb of Destruction       Conj           1%         9d5       100%        7
 Spellforged Servitor     Conj/Summ      1%         N/A       100%        7
 Summon Hydra             Summ           1%         N/A       100%        7


Dungeon Overview and Level Annotations

Branches:
Dungeon (12/15)            Temple (1/1) D:5            Lair (2/5) D:9
 Bailey (visited)
  Swamp: Lair:2-3    Shoals: Lair:2-3     Snake: Lair:2-3    Spider: Lair:2-3
    Orc: D:9-12

Altars:
Ashenzari
Cheibriados
Dithmenos
Elyvilon
Fedhas
Gozag
Hepliaklqana
Kikubaaqudgha
Makhleb
Nemelex Xobeh
Okawaru
Qazlal
Ru
Sif Muna
Trog
Uskayaw
Vehumet
Wu Jian
Xom
Yredelemnul
Zin
The Shining One

Shops:
D:9 (:(!   D:11 [

Portals:
Abyss: D:9

Annotations:
D:6 2 transporters
D:9 2 transporters, Maxmaps's ghost, journeyman OpSh
D:11 2 transporters, Midn8's ghost, journeyman MiWn


Innate Abilities, Weirdness & Mutations

You have blades for main tentacles.
Your spellcasting is less reliable in this form.
You are incapable of wielding weapons or throwing items.
Your life essence is reduced to manifest your ancestor. (-10% HP)
You cannot wear most types of armour.
You are amphibious.
You can wear up to eight rings at the same time.
Your skin changes colour to match your surroundings (Stealth+).
Your rubbery body absorbs attacks. (AC +1, EV +1)
((You are camouflaged when in or above water. (Stealth+)))
You have tentacles for arms and can constrict up to eight enemies at once.


Message History

Qinisela drains the elephant.
Qinisela casts a spell at the wolf.
The elephant resists with almost no effort.
You slice the wolf!!
You kill the wolf!
You feel sick.
Training target 5.0 for Transmutations reached!
Your Transmutations skill increases to level 5!
You slash the cane toad! You grab the cane toad.
The cane toad is moderately wounded.
You constrict the cane toad.
Qinisela hits the elephant but does no damage.
The cane toad misses you.
Qinisela hits the elephant but does no damage.
Unknown command.
You completely miss the cane toad.
You squeeze the cane toad, but do no damage.
The cane toad is moderately wounded.
You constrict the cane toad.
You feel sick. The cane toad stings you!
Qinisela hits the elephant with a +0 dagger of draining.
Qinisela drains the elephant.
Unknown command.
You release your grip on the cane toad.
You feel sick.
Qinisela hits the elephant with a +0 dagger of draining.
The cane toad attacks as you move away! The cane toad stings you.
You feel sick.
You are no longer poisoned.
The cane toad attacks as you move away! The cane toad stings you!!
* * * LOW HITPOINT WARNING * * *
The elephant closely misses Qinisela.
The elephant trunk-slaps Qinisela.
The cane toad closely misses you.
Qinisela gestures at the cane toad while chanting.
The elephant resists with almost no effort.
The cane toad misses you. The cane toad attacks as you move away!
The cane toad stings you.
You are poisoned.
The cane toad poisons you!
You feel very sick. The cane toad attacks as you move away!
The cane toad stings you!!
You die...

#............(....
##..P..... #...D..
#...# #.# #......
#..#####.## #.....#
##.†##....###YD.###
##.#Y.....Y.†Y.##
#P.....R..###..#
##.F##.######..#
#.@#########...#
##.#####..###..####
#...............##.
##.................
#................†.
##.................
##.................
#...#...#.#.#...#.#
##.#.#.##+###.....#


You could see an elephant (drained) and a cane toad.

Vanquished Creatures
  A two-headed ogre (D:8)
  An orc high priest (Bailey)
  Pikel (D:5)
  Joseph (Lair:1)
  A black mamba (Lair:1)
  A gargoyle (D:10)
  3 cane toads
  3 kobold demonologists
  A komodo dragon (Lair:2)
  5 wyverns
  2 shadows
  A vampire (D:10)
  A wraith (D:9)
  Eustachio (D:4)
  20 yaks
  2 steam dragons
  3 vampire mosquitoes (D:11)
  A basilisk (D:9)
  Edmund (D:4)
  Menkaure (D:7)
  An acid dragon (D:10)
  Duvessa (D:7)
  9 water moccasins
  13 orc warriors
  2 ice beasts
  3 ogres
  4 wolves
  A sky beast (D:6)
  A phantom (D:5)
  A centaur (D:9)
  3 lemures (D:5)
  A kobold brigand (D:11)
  6 bullfrogs
  4 scorpions
  5 wights
  Dowan (D:7)
  2 killer bees (D:7)
  3 howler monkeys
  4 electric eels (Bailey)
  A hexer (Lair:2)
  7 hounds
  A gnoll bouda (D:8)
  6 orc priests
  2 jellies (D:6)
  A sleepcap (D:5)
  6 iguanas
  Ijyb (D:5)
  13 orc wizards
  39 gnolls
  7 adders
  An ufetubus (D:5)
  3 worms
  5 dart slugs
  81 orcs
  8 ball pythons
  5 endoplasms
  3 giant cockroaches
  8 hobgoblins
  15 jackals
  10 kobolds
  A quokka (D:3)
  4 bats
  A frilled lizard (D:3)
  11 goblins
  5 rats
361 creatures vanquished.

Vanquished Creatures (collateral kills)
  Erolcha (D:9)
  A catoblepas (Lair:1)
  A cyclops (D:11)
  Maurice (D:11)
  An unseen horror (D:11)
  A komodo dragon (Lair:2)
  A polar bear (Lair:1)
  A troll (D:11)
  3 yaks
  2 vampire mosquitoes (D:11)
  A water moccasin (Lair:2)
  2 wolves
  A centaur (D:8)
  A lemure (D:5)
  2 bullfrogs
  A gnoll sergeant (D:11)
  A killer bee (D:7)
  An electric eel (Bailey)
  A hound (D:6)
  An orc priest (D:5)
  2 iguanas
  3 gnolls
  3 orcs
  2 goblins (Bailey)
  A hobgoblin (D:8)
36 creatures vanquished.

Vanquished Creatures (others)
  An ancestor (D:5)
  4 hexers
5 creatures vanquished.

Grand Total: 402 creatures vanquished

Notes
Turn   | Place    | Note
-------+----------+-------------------------------------------
     0 | D:1      | LeprechaunX the Octopode Shapeshifter began the quest for
                  | the Orb.
     0 | D:1      | Reached XP level 1. HP: 13/13 MP: 1/1
   154 | D:1      | Reached XP level 2. HP: 10/18 MP: 2/2
   399 | D:1      | Reached XP level 3. HP: 21/23 MP: 3/3
   836 | D:2      | Found the amulet of Vitality {RegenMP++ Regen++}
  1168 | D:2      | Found a faded altar of an unknown god.
  1179 | D:2      | Reached XP level 4. HP: 21/29 MP: 4/4
  1292 | D:2      | Found a shadowy altar of Dithmenos.
  2272 | D:3      | Reached XP level 5. HP: 35/35 MP: 5/5
  2455 | D:4      | Reached skill level 4 in Shapeshifting
  2514 | D:4      | Noticed Eustachio
  2527 | D:4      | Killed Eustachio
  2528 | D:4      | Reached XP level 6. HP: 37/42 MP: 6/6
  2548 | D:4      | Noticed Edmund
  2561 | D:4      | Killed Edmund
  2562 | D:4      | Reached skill level 5 in Unarmed Combat
  2562 | D:4      | Reached XP level 7. HP: 14/46 MP: 7/7
  2591 | D:4      | Reached skill level 5 in Shapeshifting
  3133 | D:4      | Found a snail-covered altar of Cheibriados.
  3135 | D:4      | Found a bloodstained altar of Trog.
  3172 | D:5      | Entered Level 5 of the Dungeon
  3172 | D:5      | Noticed Ijyb
  3177 | D:5      | Killed Ijyb
  3458 | D:5      | Reached XP level 8. HP: 39/54 MP: 8/8
  3487 | D:5      | Found a staircase to the Ecumenical Temple.
  3500 | Temple   | Entered the Ecumenical Temple
  3516 | Temple   | Became a worshipper of Hepliaklqana the Forgotten
  3537 | D:5      | Reached skill level 6 in Shapeshifting
  3788 | D:5      | Reached skill level 7 in Shapeshifting
  4212 | D:5      | Reached skill level 8 in Shapeshifting
  4235 | D:5      | Reached XP level 9. HP: 58/58 MP: 9/9
  4253 | D:5      | Noticed Pikel
  4544 | D:5      | Reached * piety under Hepliaklqana
  4813 | D:5      | Killed Pikel
  4814 | D:5      | Reached skill level 9 in Shapeshifting
  4995 | D:6      | Found a stormy altar of Qazlal.
  5092 | D:6      | Reached skill level 1 in Invocations
  5112 | D:6      | Found a transporter.
  5138 | D:6      | Found a transporter.
  5234 | D:6      | Reached skill level 1 in Spellcasting
  5444 | D:6      | Reached ** piety under Hepliaklqana
  5445 | D:6      | Remembered your ancestor Qinisela as a hexer
  5455 | D:6      | Found a hide-covered altar of Uskayaw.
  6029 | D:7      | Reached XP level 10. HP: 32/58 MP: 13/13
  6061 | D:7      | Reached skill level 5 in Fighting
  6345 | D:7      | Noticed Dowan
  6348 | D:7      | Noticed Duvessa
  6362 | D:7      | Killed Duvessa
  6364 | D:7      | Killed Dowan
  6404 | D:7      | Noticed Menkaure
  6411 | D:7      | Killed Menkaure
  6646 | D:8      | Noticed a two-headed ogre
  6659 | D:8      | Killed a two-headed ogre
  6788 | D:8      | Found a flagged portal.
  6799 | Bailey   | Entered a bailey
  6799 | Bailey   | Reached *** piety under Hepliaklqana
  6927 | Bailey   | Noticed an orc high priest
  6965 | Bailey   | Killed an orc high priest
  7177 | Bailey   | Reached skill level 10 in Shapeshifting
  7262 | Bailey   | Reached skill level 5 in Invocations
  7307 | Bailey   | Found an iron altar of Okawaru.
  7307 | Bailey   | Noticed a kobold demonologist
  7316 | Bailey   | Noticed a smoke demon
  7316 | Bailey   | Killed a kobold demonologist
  7319 | Bailey   | Reached XP level 11. HP: 59/65 MP: 17/17
  7366 | Bailey   | Identified the +5 chain mail of Lifelessness {rElec rC+}
  7800 | D:9      | Found a staircase to the Lair.
  8079 | D:9      | Reached skill level 5 in Spellcasting
  8166 | D:9      | Learned a level 2 spell: Wereblood
  8176 | D:9      | Found a transporter.
  8212 | D:9      | Noticed Erolcha
  8230 | D:9      | Found a one-way gate to the infinite horrors of the Abyss.
  8230 | D:9      | Noticed Maxmaps's ghost (journeyman OpSh)
  8230 | D:9      | Noticed a sun demon
  8232 | D:9      | Noticed a rakshasa
  8233 | D:9      | Noticed a hell hog
  8263 | D:9      | Reached **** piety under Hepliaklqana
  8272 | D:9      | Found Cyseurcho's Distillery.
  8274 | D:9      | Found Abruahis's Book Shop.
  8275 | D:9      | Found Gaze's Antique Weapon Shop.
  8276 | D:9      | Found a transporter.
  8278 | D:9      | Found Vuheol's Antique Weapon Shop.
  9038 | D:9      | Reached skill level 1 in Transmutations
  9290 | D:9      | Killed Erolcha
  9320 | D:9      | Identified the +9 flail of Isos Vay {venom, *Slow rElec
                  | rPois rCorr}
  9429 | D:10     | Entered Level 10 of the Dungeon
 10160 | D:11     | Noticed Maurice
 10164 | D:11     | Killed Maurice
 10214 | D:11     | Reached XP level 12. HP: 66/73 MP: 19/19
 10299 | D:11     | HP: 3/73 [poisoned by a gnoll sergeant]
 10300 | D:11     | HP: 1/73 [poisoned by a gnoll sergeant]
 10430 | D:11     | Found Docikukh's Armour Boutique.
 10578 | D:11     | Noticed Midn8's ghost (journeyman MiWn)
 10696 | D:11     | Found a transporter.
 10702 | D:11     | Found a transporter.
 10829 | D:11     | Acquired the +0 buckler "Aluer" {Rampage Drain rElec rCorr}
 10901 | Lair:1   | Entered Level 1 of the Lair of Beasts
 10967 | Lair:1   | Noticed a catoblepas
 10972 | Lair:1   | Killed a catoblepas
 11058 | Lair:1   | Noticed Joseph
 11091 | Lair:1   | Killed Joseph
 11092 | Lair:1   | Reached skill level 11 in Shapeshifting
 11192 | Lair:1   | Reached ***** piety under Hepliaklqana
 11897 | Lair:2   | Noticed an eight-headed hydra
 11910 | Lair:2   | Reached skill level 5 in Transmutations
 11921 | Lair:2   | Slain by a cane toad

Illustrated notes

Levels and vault maps discovered:
D:1:      co_arrival_random_square_maze, layout_loops_cross, minivault_19
D:2:      layout_basic, hellmonk_ecumenical_altar_lost_god, basic_altar
D:3:      layout_loops_cross
D:4:      layout_loops_cross, nicolae_overflow_hidden_temple, uniq_eustachio,
          uniq_edmund
D:5:      lemuel_castle_with_subvaults [lemuel_castle_interior_original],
          layout_basic, minmay_temple_entry_stoned_glass,
          kennysheep_generic_room_14, uniq_ijyb, uniq_pikel
D:6:      gammafunk_steamed_eel, layout_layer_cave, amcnicky_altar_gilded,
          lemuel_tele_altar, hangedman_decor_lopped, dreamdust_princess_bridge,
          hangedman_decor_points
D:7:      layout_basic, uniq_menkaure, uniq_duvessa
D:8:      layout_gridville, enter_bailey_4, serial_rivers,
          chequers_serial_rivers_small_3, chequers_serial_rivers_marsh,
          chequers_serial_rivers_micro_b, chequers_serial_rivers_micro_d,
          chequers_serial_rivers_micro_b, minmay_strange_pillars,
          kennysheep_generic_room_5
D:9:      layout_basic, minmay_lair_entry_grove, gammafunk_ghost_abyssal_escape,
          serial_co_window_serial, co_window_paths_a, co_window_corner_a,
          co_window_paths_b, co_window_paths_a, co_window_corner_a,
          co_window_of_opportunity_a, co_window_paths_b, co_window_corner_b,
          co_window_cross_3, co_window_corner_ca, co_window_of_opportunity_c,
          co_window_broadway_c, co_window_of_opportunity_c, co_window_4corner_a,
          co_window_paths_e, minmay_shop_grid_forest, uniq_erolcha
D:10:     layout_roguey [special_room_orc]
D:11:     layout_long_grid, gammafunk_ghost_hive, serial_shops,
          nicolae_shop_getting_attention, hex_large, uniq_maurice
D:12:     layout_basic, orc_david_3, nicolae_qazlal_general_emergency
Temple:   hc_temple_tempest_star
Lair:1:   layout_cave_pods, uniq_joseph
Lair:2:   layout_regular_city, elwin_shoals_entry_rocks,
          minmay_snake_entry_guardpost_large

Skill      XL: |  1  2  3  4  5  6  7  8  9 10 11 12 |
---------------+-------------------------------------+-----
Unarmed Combat | 4 5 6 7 8 9 |  9.8
Fighting       | 2 3 4 6 7 8 |  8.8
Shapeshifting  | 4 5 8 9 10 11 | 11.2
Invocations    | 2 5 7 8 |  8.3
Spellcasting   | 2 4 5 |  5.0
Transmutations | 2 5 |  5.0
Dodging        | |  2.0

Action                     |  1- 3 |  4- 6 |  7- 9 | 10-12 || total
---------------------------+-------+-------+-------+-------++-------
  Melee: Unarmed           |    56 |    78 |   244 |   402 ||   780
         Constrict         |    18 |    21 |    73 |    79 ||   191
         Tentacles         |    13 |    13 |    65 |    95 ||   186
         Punch             |     1 |     2 |     7 |    22 ||    32
   Fire: Sling             |       |       |    24 |       ||    24
  Throw: Dart              |       |     6 |     2 |       ||     8
 Invoke: Ancestor Life: He |       |       |     1 |       ||     1
  Evoke: Wand              |       |       |       |     4 ||     4
    Use: Scroll            |       |       |       |    11 ||    11
         Potion            |       |       |       |     1 ||     1
   Stab: Sleeping          |     4 |     2 |    10 |     4 ||    20
         Invisible         |       |     3 |       |       ||     3
         Confused          |       |       |       |    11 ||    11
         Distracted        |       |       |       |     9 ||     9
 Armour: Skin              |     5 |     5 |     7 |    16 ||    33
  Dodge: Dodged            |    23 |    54 |   137 |   139 ||   353
   Form: Blade             |       |       |     2 |       ||     2
         Beast             |       |       |     1 |       ||     1

Table legend: (Time is in decaauts)
 A = Elapsed time spent in this place.
 B = Non-inter-level travel time spent in this place.
 C = Inter-level travel time spent in this place.
 D = Time resting spent in this place.
 E = Time spent auto-exploring this place.
 F = Levels seen in this place.
 G = Mean time per level.
                   A        B        C        D        E       F      G
               +--------+--------+--------+--------+--------+-----+--------+
         Total |  11821 |  10919 |    902 |    408 |   7474 |  16 |  738.8 |
       Dungeon |  10173 |   9316 |    857 |    354 |   6747 |  12 |  847.8 |
        Temple |     32 |      1 |     31 |      0 |      0 |   1 |   32.0 |
          Lair |   1004 |    991 |     13 |      9 |    695 |   2 |  502.0 |
        Bailey |    611 |    611 |      0 |     45 |     32 |   1 |  611.0 |
               +--------+--------+--------+--------+--------+-----+--------+

Top non-repeatable levels by time:
     D:9: 1718 daAuts
     D:5: 1606 daAuts
     D:6: 1078 daAuts
     D:2: 918 daAuts
     D:4: 896 daAuts
  Lair:1: 733 daAuts
    D:11: 728 daAuts
     D:1: 706 daAuts
    D:10: 705 daAuts
     D:3: 701 daAuts
  Bailey: 611 daAuts
     D:7: 594 daAuts
     D:8: 516 daAuts
  Lair:2: 271 daAuts
  Temple: 32 daAuts
